General information
- name: BNet
- type: Ladder team game (AT/RT)
- host: Battle.net
- saver: Iaddersuperstar
map: Cherryville
- players: 8
- length: 58:09
- speed: Fast
- version: 1.26 W3XP
- replay type: Public
» download(327 KB)
Players
team 1 (loser)
Dethar (
teal | 56 APM | 3243 actions | 58:08)
7 Dark Ranger
3 Black Arrow
3 Silence
1 Charm
4 Priestess of the Moon
2 Trueshot Aura
2 Scout
» actions
| Assign group hotkey | 99 | |
| Basic commands | 129 | |
| Build / train | 101 | |
| ESC pressed | 1 | |
| Enter build submenu | 26 | |
| Enter hero's abilities submenu | 12 | |
| Give item / drop item | 5 | |
| Right click | 983 | |
| Select / deselect | 863 | |
| Select group hotkey | 943 | |
| Use ability | 75 | |
3243 total
» units
| Wisp | 24 | |
| Archer | 20 | |
| Hippogryph | 18 | |
| Chimaera | 3 | |
65 total
» upgrades
| Ultravision | 1 | |
| Strength of the Moon | 3 | |
| Improved Bows | 1 | |
| Hippogryph Taming | 1 | |
| Well Spring | 1 | |
| Moon Armor | 1 | |
| Strength of the Wild | 2 | |
| Corrosive Breath | 1 | |
| Marksmanship | 1 | |
12 total
» buildings
| Moon Well | 9 | |
| Ancient of War | 1 | |
| Altar of Elders | 1 | |
| Tree of Ages | 1 | |
| Hunter's Hall | 1 | |
| Ancient of Wonders | 1 | |
| Tree of Life | 3 | |
| Ancient of Wind | 2 | |
| Tree of Eternity | 1 | |
| Chimaera Roost | 2 | |
22 total
» build order
00:06 Moon Well
00:24 Ancient of War
00:49 Altar of Elders
01:33 Moon Well
03:11 Tree of Ages
03:28 Moon Well
03:31 Moon Well
04:05 Hunter's Hall
04:28 Ancient of Wonders
05:11 Tree of Life
05:36 Ancient of Wind
06:44 Tree of Eternity
06:45 Ancient of Wind
09:53 Moon Well
13:19 Moon Well
14:23 Chimaera Roost
14:25 Chimaera Roost
16:59 Moon Well
17:00 Moon Well
17:01 Moon Well
20:37 Tree of Life
32:11 Tree of Life
» items
| Lesser Clarity Potion | 1 | |
| Staff of Preservation | 1 | |
| Orb of Venom | 2 | |
| Scroll of Town Portal | 2 | |
6 total
Pepas (
orange | 24 APM | 1416 actions | 58:08)
6 Crypt Lord
1 Carrion Beetles
3 Impale
1 Spiked Carapace
1 Locust Swarm
6 Death Knight
3 Death Coil
2 Unholy Aura
1 Animate Dead
» actions
| Basic commands | 1 | |
| Build / train | 51 | |
| Enter build submenu | 19 | |
| Enter hero's abilities submenu | 12 | |
| Give item / drop item | 1 | |
| Right click | 932 | |
| Select / deselect | 343 | |
| Use ability | 57 | |
1416 total
» units
| Acolyte | 10 | |
| Ghoul | 8 | |
| Crypt Fiend | 4 | |
| Frost Wyrm | 7 | |
29 total
» upgrades
| Creature Attack | 3 | |
| Creature Carapace | 2 | |
| Freezing Breath | 1 | |
6 total
» buildings
| Crypt | 1 | |
| Graveyard | 1 | |
| Ziggurat | 11 | |
| Altar of Darkness | 1 | |
| Halls of the Dead | 1 | |
| Black Citadel | 1 | |
| Sacrificial Pit | 1 | |
| Boneyard | 2 | |
19 total
» build order
00:15 Crypt
00:21 Graveyard
00:37 Ziggurat
00:55 Altar of Darkness
01:35 Ziggurat
03:11 Halls of the Dead
04:14 Ziggurat
06:26 Black Citadel
07:46 Sacrificial Pit
07:48 Ziggurat
07:50 Ziggurat
07:54 Ziggurat
07:56 Ziggurat
09:21 Boneyard
09:23 Boneyard
10:15 Ziggurat
12:41 Ziggurat
14:56 Ziggurat
14:59 Ziggurat

»
sOmEdAy.Im.gAy. (
red | 70 APM | 2431 actions | 34:55)
4 Archmage
2 Summon Water Elemental
2 Brilliance Aura
3 Mountain King
2 Storm Bolt
1 Thunder Clap
» actions
| Assign group hotkey | 56 | |
| Basic commands | 9 | |
| Build / train | 95 | |
| Enter build submenu | 22 | |
| Enter hero's abilities submenu | 7 | |
| Give item / drop item | 6 | |
| Remove unit from queue | 16 | |
| Right click | 831 | |
| Select / deselect | 490 | |
| Select group hotkey | 829 | |
| Use ability | 69 | |
2431 total
» units
| Peasant | 12 | |
| Footman | 5 | |
| Mortar Team | 11 | |
| Flying Machine | 31 | |
59 total
» upgrades
| Fragmentation Shards | 1 | |
| Gunpowder | 1 | |
| Flak Cannons | 1 | |
| Flying Machine Bombs | 1 | |
4 total
» buildings
| Altar of Kings | 2 | |
| Farm | 10 | |
| Barracks | 1 | |
| Arcane Vault | 2 | |
| Scout Tower | 1 | |
| Keep | 1 | |
| Arcane Tower | 1 | |
| Blacksmith | 1 | |
| Castle | 1 | |
| Workshop | 3 | |
23 total
» build order
00:03 Altar of Kings
00:23 Altar of Kings
00:27 Farm
00:39 Barracks
00:57 Farm
01:46 Farm
02:03 Arcane Vault
04:16 Arcane Vault
04:27 Scout Tower
04:37 Keep
04:46 Arcane Tower
05:16 Farm
05:30 Farm
06:13 Farm
06:56 Blacksmith
07:00 Castle
07:33 Farm
08:22 Workshop
08:23 Workshop
09:29 Farm
10:13 Farm
17:37 Workshop
17:54 Farm
» items
| Scroll of Regeneration | 2 | |
| Scroll of Town Portal | 1 | |
| Potion of Healing | 1 | |
| Mechanical Critter | 1 | |
5 total
HeroWithNOEqual (
green | 72 APM | 4179 actions | 58:08)
8 Archmage
3 Summon Water Elemental
3 Brilliance Aura
1 Mass Teleport
1 Blizzard
» actions
| Assign group hotkey | 210 | |
| Basic commands | 535 | |
| Build / train | 85 | |
| Enter build submenu | 62 | |
| Enter hero's abilities submenu | 8 | |
| Give item / drop item | 9 | |
| Right click | 1385 | |
| Select / deselect | 560 | |
| Select group hotkey | 1188 | |
| Use ability | 137 | |
4179 total
» units
| Peasant | 18 | |
| Footman | 7 | |
| Goblin Shredder | 2 | |
| Dragonhawk Rider | 7 | |
| Gryphon Rider | 8 | |
42 total
» upgrades
| Magic Sentry | 1 | |
| Masonry | 3 | |
| Swords | 3 | |
| Animal War Training | 1 | |
| Armor | 3 | |
| Storm Hammers | 1 | |
| Cloud | 1 | |
13 total
» buildings
| Altar of Kings | 4 | |
| Barracks | 2 | |
| Farm | 14 | |
| Arcane Vault | 1 | |
| Keep | 1 | |
| Town Hall | 5 | |
| Scout Tower | 24 | |
| Lumber Mill | 2 | |
| Arcane Tower | 5 | |
| Arcane Sanctum | 1 | |
| Castle | 1 | |
| Gryphon Aviary | 8 | |
| Guard Tower | 11 | |
| Blacksmith | 2 | |
81 total
» build order
00:39 Altar of Kings
00:42 Altar of Kings
00:44 Barracks
00:56 Altar of Kings
00:56 Barracks
00:59 Altar of Kings
01:02 Farm
01:05 Farm
01:06 Farm
01:56 Farm
01:59 Farm
03:52 Arcane Vault
03:54 Keep
03:58 Town Hall
04:08 Farm
05:12 Scout Tower
05:49 Lumber Mill
06:11 Arcane Tower
06:30 Scout Tower
06:40 Scout Tower
06:51 Arcane Sanctum
07:00 Scout Tower
07:00 Scout Tower
07:02 Scout Tower
07:53 Castle
07:59 Scout Tower
07:59 Scout Tower
08:01 Scout Tower
08:02 Scout Tower
08:22 Arcane Tower
08:26 Gryphon Aviary
08:26 Gryphon Aviary
08:30 Gryphon Aviary
08:41 Arcane Tower
09:25 Guard Tower
09:32 Scout Tower
09:32 Scout Tower
09:33 Scout Tower
09:33 Scout Tower
09:35 Scout Tower
09:35 Scout Tower
09:37 Scout Tower
09:42 Scout Tower
09:43 Scout Tower
09:43 Scout Tower
09:47 Scout Tower
09:51 Scout Tower
09:58 Scout Tower
10:09 Guard Tower
10:11 Arcane Tower
10:30 Guard Tower
10:51 Guard Tower
10:55 Guard Tower
11:00 Guard Tower
11:01 Guard Tower
11:01 Guard Tower
11:06 Farm
11:08 Farm
11:09 Farm
11:13 Guard Tower
11:17 Arcane Tower
11:29 Blacksmith
11:36 Blacksmith
11:38 Farm
11:39 Farm
19:24 Town Hall
19:48 Gryphon Aviary
19:53 Gryphon Aviary
19:57 Gryphon Aviary
19:58 Gryphon Aviary
20:01 Gryphon Aviary
28:37 Farm
28:38 Farm
28:40 Farm
29:11 Town Hall
36:06 Town Hall
38:15 Town Hall
40:59 Lumber Mill
» items
| Scroll of Town Portal | 1 | |
| Potion of Healing | 1 | |
| Scroll of Regeneration | 1 | |
3 total
team 2 (winner)
WWWWWWWWWWWWWW8 (
yellow | 88 APM | 1395 actions | 15:52)
3 Blood Mage
2 Flame Strike
1 Siphon Mana
1 Archmage
1 Blizzard
1 Paladin
1 Holy Light
» actions
| Assign group hotkey | 51 | |
| Basic commands | 2 | |
| Build / train | 113 | |
| Enter build submenu | 32 | |
| Enter hero's abilities submenu | 5 | |
| Give item / drop item | 2 | |
| Right click | 765 | |
| Select / deselect | 194 | |
| Select group hotkey | 135 | |
| Use ability | 95 | |
1395 total
» units
| Peasant | 19 | |
| Rifleman | 10 | |
| Mortar Team | 3 | |
| Priest | 2 | |
| Sorceress | 2 | |
| Flying Machine | 4 | |
| Spell Breaker | 1 | |
| Dragonhawk Rider | 2 | |
43 total
» upgrades
| Masonry | 3 | |
| Lumber Harvesting | 2 | |
| Long Rifles | 1 | |
| Armor | 1 | |
7 total
» buildings
| Altar of Kings | 1 | |
| Farm | 8 | |
| Lumber Mill | 1 | |
| Arcane Vault | 1 | |
| Scout Tower | 9 | |
| Arcane Tower | 2 | |
| Town Hall | 1 | |
| Guard Tower | 14 | |
| Keep | 2 | |
| Blacksmith | 1 | |
| Barracks | 1 | |
| Workshop | 1 | |
| Arcane Sanctum | 1 | |
| Castle | 2 | |
| Gryphon Aviary | 1 | |
46 total
» build order
00:15 Altar of Kings
00:23 Farm
00:36 Farm
00:55 Lumber Mill
01:06 Arcane Vault
01:17 Farm
02:05 Scout Tower
02:33 Arcane Tower
02:34 Arcane Tower
03:50 Town Hall
03:54 Scout Tower
04:31 Scout Tower
04:32 Guard Tower
04:32 Guard Tower
04:58 Keep
04:59 Keep
05:14 Scout Tower
05:16 Guard Tower
05:16 Guard Tower
05:30 Blacksmith
05:33 Scout Tower
05:37 Barracks
05:48 Guard Tower
05:48 Guard Tower
06:25 Scout Tower
07:05 Farm
07:15 Farm
07:17 Guard Tower
07:17 Guard Tower
08:02 Guard Tower
08:02 Guard Tower
08:05 Workshop
08:10 Arcane Sanctum
09:11 Castle
09:11 Castle
09:35 Farm
10:18 Scout Tower
10:36 Farm
10:39 Scout Tower
10:41 Farm
11:50 Guard Tower
12:27 Guard Tower
13:19 Gryphon Aviary
13:21 Scout Tower
» items
| Lesser Clarity Potion | 7 | |
| Scroll of Regeneration | 2 | |
| Mechanical Critter | 1 | |
| Boots of Speed | 2 | |
| Staff of Teleportation | 2 | |
| Healing Salve | 2 | |
| Potion of Healing | 4 | |
| Orb of Fire | 3 | |
| Staff of Sanctuary | 3 | |
26 total

»
uNG-Teamkill (
purple | 48 APM | 769 actions | 15:56)
3 Blademaster
1 Wind Walk
2 Critical Strike
» actions
| Assign group hotkey | 1 | |
| Build / train | 40 | |
| Enter build submenu | 16 | |
| Enter hero's abilities submenu | 3 | |
| Right click | 459 | |
| Select / deselect | 203 | |
| Select group hotkey | 1 | |
| Use ability | 46 | |
769 total
» units
| Peon | 12 | |
| Grunt | 4 | |
| Tauren | 2 | |
| Shaman | 1 | |
| Spirit Walker | 1 | |
20 total
» upgrades
| Melee Weapons | 1 | |
| Armor | 1 | |
| Shaman Training | 2 | |
| Spirit Walker Training | 2 | |
| Pulverize | 1 | |
7 total
» buildings
| Altar of Storms | 1 | |
| Orc Burrow | 6 | |
| Barracks | 1 | |
| Voodoo Lounge | 1 | |
| Stronghold | 1 | |
| War Mill | 1 | |
| Fortress | 1 | |
| Spirit Lodge | 2 | |
| Great Hall | 1 | |
| Tauren Totem | 3 | |
| Beastiary | 1 | |
19 total
» build order
00:18 Altar of Storms
00:30 Orc Burrow
01:17 Barracks
01:38 Orc Burrow
01:58 Voodoo Lounge
03:25 Stronghold
03:29 War Mill
05:11 Orc Burrow
06:26 Fortress
06:40 Spirit Lodge
06:44 Spirit Lodge
07:50 Orc Burrow
07:51 Orc Burrow
08:29 Great Hall
08:57 Tauren Totem
09:01 Tauren Totem
09:17 Tauren Totem
09:58 Orc Burrow
13:54 Beastiary
» items
| Healing Salve | 2 | |
| Lesser Clarity Potion | 2 | |
| Orb of Lightning | 1 | |
| Potion of Mana | 1 | |
| Potion of Healing | 1 | |
7 total
Iaddersuperstar (
pink | 70 APM | 4090 actions | 58:09)
9 Blood Mage
3 Flame Strike
3 Siphon Mana
1 Summon Phoenix
2 Banish
1 Paladin
1 Devotion Aura
» actions
| Assign group hotkey | 47 | |
| Basic commands | 139 | |
| Build / train | 256 | |
| ESC pressed | 4 | |
| Enter build submenu | 65 | |
| Enter hero's abilities submenu | 11 | |
| Give item / drop item | 22 | |
| Right click | 1564 | |
| Select / deselect | 713 | |
| Select group hotkey | 1019 | |
| Use ability | 250 | |
4090 total
» units
| Peasant | 31 | |
| Footman | 11 | |
| Goblin Shredder | 6 | |
| Sorceress | 1 | |
| Gryphon Rider | 8 | |
| Dragonhawk Rider | 9 | |
| Goblin Sapper | 8 | |
74 total
» upgrades
| Swords | 3 | |
| Masonry | 3 | |
| Lumber Harvesting | 2 | |
| Storm Hammers | 1 | |
| Cloud | 1 | |
| Armor | 3 | |
| Animal War Training | 1 | |
| Sorceress Training | 2 | |
| Magic Sentry | 1 | |
| Priest Training | 2 | |
| Control Magic | 1 | |
| Barrage | 1 | |
| Flak Cannons | 1 | |
| Flying Machine Bombs | 1 | |
| Fragmentation Shards | 1 | |
| Flare | 1 | |
| Backpack | 1 | |
| Defend | 1 | |
| Long Rifles | 1 | |
| Plating | 3 | |
| Gunpowder | 3 | |
| Strength of the Moon | 2 | |
| Moon Armor | 1 | |
37 total
» buildings
| Altar of Kings | 1 | |
| Barracks | 1 | |
| Farm | 11 | |
| Town Hall | 3 | |
| Arcane Vault | 1 | |
| Keep | 2 | |
| Blacksmith | 1 | |
| Lumber Mill | 1 | |
| Scout Tower | 33 | |
| Arcane Tower | 15 | |
| Guard Tower | 59 | |
| Castle | 3 | |
| Gryphon Aviary | 4 | |
| Arcane Sanctum | 1 | |
| Workshop | 1 | |
137 total
» build order
00:04 Altar of Kings
00:07 Barracks
00:10 Farm
00:58 Farm
01:53 Farm
03:21 Town Hall
04:16 Farm
04:41 Arcane Vault
04:55 Keep
04:55 Keep
05:54 Blacksmith
05:57 Lumber Mill
06:00 Scout Tower
06:21 Scout Tower
06:28 Arcane Tower
06:33 Scout Tower
06:46 Farm
06:52 Scout Tower
06:56 Scout Tower
07:03 Guard Tower
07:04 Guard Tower
07:12 Guard Tower
07:13 Guard Tower
07:59 Castle
07:59 Castle
08:06 Guard Tower
08:07 Guard Tower
08:24 Scout Tower
08:26 Scout Tower
08:27 Scout Tower
08:44 Scout Tower
08:53 Guard Tower
08:53 Guard Tower
08:56 Guard Tower
09:03 Scout Tower
09:32 Gryphon Aviary
09:36 Gryphon Aviary
09:41 Guard Tower
09:42 Guard Tower
09:53 Guard Tower
11:12 Guard Tower
12:43 Arcane Sanctum
12:57 Gryphon Aviary
13:00 Gryphon Aviary
13:42 Farm
13:50 Farm
14:13 Scout Tower
14:18 Scout Tower
14:23 Scout Tower
14:25 Scout Tower
14:44 Guard Tower
14:45 Guard Tower
14:45 Guard Tower
14:50 Guard Tower
14:57 Guard Tower
14:58 Guard Tower
14:58 Guard Tower
14:58 Guard Tower
15:01 Scout Tower
15:03 Scout Tower
15:08 Scout Tower
15:15 Farm
15:36 Guard Tower
15:37 Guard Tower
16:01 Guard Tower
16:01 Guard Tower
16:02 Farm
18:27 Farm
32:17 Town Hall
33:20 Scout Tower
33:21 Scout Tower
33:22 Scout Tower
33:52 Guard Tower
33:52 Guard Tower
33:52 Guard Tower
33:53 Guard Tower
33:53 Guard Tower
34:24 Scout Tower
34:26 Scout Tower
34:36 Scout Tower
34:36 Scout Tower
34:39 Scout Tower
34:56 Guard Tower
34:56 Guard Tower
34:56 Guard Tower
34:56 Guard Tower
34:57 Guard Tower
35:00 Scout Tower
35:02 Scout Tower
35:06 Guard Tower
35:06 Guard Tower
35:09 Guard Tower
35:09 Guard Tower
35:11 Farm
35:18 Workshop
35:28 Guard Tower
35:28 Guard Tower
35:29 Guard Tower
35:29 Guard Tower
35:30 Guard Tower
36:14 Scout Tower
36:16 Scout Tower
36:17 Scout Tower
36:19 Scout Tower
36:20 Scout Tower
36:58 Arcane Tower
36:58 Arcane Tower
37:00 Scout Tower
37:24 Arcane Tower
37:24 Arcane Tower
37:27 Arcane Tower
37:27 Arcane Tower
37:27 Arcane Tower
37:54 Town Hall
» items
| Scroll of Regeneration | 10 | |
| Boots of Speed | 1 | |
| Staff of Teleportation | 1 | |
| Lesser Clarity Potion | 6 | |
| Potion of Invisibility | 3 | |
| Potion of Healing | 4 | |
| Scroll of Town Portal | 4 | |
| Potion of Mana | 1 | |
30 total
dogfood (
blue | 24 APM | 1222 actions | 51:31)
5 Demon Hunter
3 Mana Burn
2 Evasion
1 Warden
1 Fan of Knives
1 Keeper of the Grove
1 Entangling Roots
2 Archmage
1 Brilliance Aura
1 Summon Water Elemental
1 Blood Mage
1 Siphon Mana
» actions
| Build / train | 83 | |
| Enter build submenu | 34 | |
| Enter hero's abilities submenu | 10 | |
| Remove unit from queue | 1 | |
| Right click | 464 | |
| Select / deselect | 550 | |
| Use ability | 75 | |
1222 total
» units
| Wisp | 17 | |
| Archer | 3 | |
| Huntress | 4 | |
| Goblin Shredder | 1 | |
| Hippogryph | 8 | |
| Chimaera | 4 | |
| Dragonhawk Rider | 1 | |
| Peasant | 16 | |
54 total
» upgrades
| Ultravision | 1 | |
| Reinforced Hides | 3 | |
| Strength of the Wild | 1 | |
| Hippogryph Taming | 1 | |
| Well Spring | 1 | |
| Priest Training | 1 | |
8 total
» buildings
| Moon Well | 7 | |
| Altar of Elders | 1 | |
| Ancient of War | 1 | |
| Hunter's Hall | 1 | |
| Ancient of Wonders | 1 | |
| Tree of Ages | 1 | |
| Tree of Life | 2 | |
| Ancient of Wind | 3 | |
| Tree of Eternity | 1 | |
| Chimaera Roost | 3 | |
| Barracks | 2 | |
| Keep | 1 | |
| Town Hall | 1 | |
| Altar of Kings | 1 | |
| Farm | 2 | |
| Scout Tower | 3 | |
| Lumber Mill | 1 | |
| Arcane Tower | 1 | |
33 total
» build order
00:19 Moon Well
00:26 Altar of Elders
00:42 Ancient of War
01:46 Moon Well
02:18 Hunter's Hall
02:35 Ancient of Wonders
03:38 Moon Well
04:35 Tree of Ages
04:55 Tree of Life
06:56 Moon Well
08:31 Ancient of Wind
08:34 Tree of Eternity
08:46 Ancient of Wind
11:58 Chimaera Roost
12:02 Chimaera Roost
12:12 Chimaera Roost
13:30 Moon Well
13:32 Moon Well
14:30 Ancient of Wind
17:41 Moon Well
19:12 Barracks
19:13 Keep
19:16 Barracks
24:40 Town Hall
24:54 Tree of Life
27:50 Altar of Kings
28:01 Farm
28:42 Scout Tower
28:49 Lumber Mill
29:03 Scout Tower
29:12 Arcane Tower
29:15 Scout Tower
29:37 Farm
» items
| Moonstone | 1 | |
| Lesser Clarity Potion | 1 | |
| Dust of Appearance | 1 | |
3 total
Chat log
(00:05 / All) HeroWithNOEqual: AVE
(00:08 / Allies) uNG-Teamkill: tauren sham
(00:24 / All) Iaddersuperstar: AVE, MI AMICUS! DIVIDE ET IMPERA
(00:33 / Allies) dogfood: wyrms
(00:50 / Allies) dogfood: with gargolye
(01:12 / Allies) uNG-Teamkill: ? you are elf
(01:15 / All) sOmEdAy.Im.gAy.: gl & hf
(01:20 / Allies) Iaddersuperstar: I'm going fiends
(01:26 / Allies) dogfood: elfs has wyrms:S?
(01:28 / All) HeroWithNOEqual: asl red
(01:36 / All) Iaddersuperstar: ASL yellow?
(02:17 / Allies) Iaddersuperstar: ASL?
(02:38 / Allies) dogfood: what is asl?
(02:42 / Allies) Iaddersuperstar: age, sex, location
(02:44 / Allies) WWWWWWWWWWWWWW8: acc
(05:16 / Allies) dogfood: yellow is pro
(05:22 / Allies) Iaddersuperstar: yeah straight tech
(05:23 / Allies) Iaddersuperstar: amazing
(05:48 / Allies) Iaddersuperstar: do you look at replays on highper.ch yellow?
(07:57 / Allies) dogfood: \nice scout tower yellow
(08:14 / All) HeroWithNOEqual: IOt's really effective at level 1 yellow let me tell you lol
(08:18 / All) HeroWithNOEqual: you got really lucky queer
(09:05 / Allies) dogfood: guys help yeloow !!!!!
(09:15 / Allies) WWWWWWWWWWWWWW8: no need
(09:46 / Allies) Iaddersuperstar: yellow, do you look at any replay sites?
(09:56 / Allies) WWWWWWWWWWWWWW8: replayers
(10:00 / All) sOmEdAy.Im.gAy.: ure gamplay is so cool
(10:23 / Allies) uNG-Teamkill: wood plz
(10:29 / Allies) WWWWWWWWWWWWWW8: is your name UNG?
(10:47 / Allies) WWWWWWWWWWWWWW8: gogo
(11:40 / All) sOmEdAy.Im.gAy.: u must be proud of it
(11:41 / All) HeroWithNOEqual: zzz
(11:43 / All) sOmEdAy.Im.gAy.: u so creative
(12:00 / Allies) Iaddersuperstar: I only go by the AKA Rod Serling, yellow
(12:54 / Allies) dogfood: goooo yellow
(12:58 / Allies) WWWWWWWWWWWWWW8: bats
(14:04 / Allies) uNG-Teamkill: they mas air
(14:09 / Allies) dogfood: yellow sorry that i interfere
(14:19 / Allies) dogfood: but could you make tanks
(15:04 / All) HeroWithNOEqual: smart purple
(15:38 / Allies) uNG-Teamkill: pînk unit??
(15:51 / Allies) WWWWWWWWWWWWWW8: gg
(15:56 / All) Pepas: rofl pink
(16:21 / Allies) dogfood: pink you pro 2
(16:53 / All) HeroWithNOEqual: JESUS FUCKING CHRIST
(17:32 / All) Pepas: leave
(18:05 / All) Iaddersuperstar: yellow had a similar username to that clown I mentioned on youtube
(18:15 / All) Iaddersuperstar: don't think it was him though
(18:43 / All) Iaddersuperstar: You can leave now, orange.
(18:44 / Allies) dogfood: common pink
(18:45 / All) Pepas: why not u leave
(18:45 / All) Iaddersuperstar: I did more than you this game with 1 hero.
(18:58 / All) Pepas: u just noob lame
(20:49 / Allies) dogfood: pink
(20:55 / Allies) dogfood: your mother is a hore ?
(21:05 / All) Iaddersuperstar: according to blue, my mother is a "hore"
(21:17 / All) sOmEdAy.Im.gAy.: shut up
(21:24 / All) Iaddersuperstar: What's wrong buddy?
(21:26 / All) Iaddersuperstar: I beat you 1v4
(21:29 / All) sOmEdAy.Im.gAy.: XD
(21:48 / All) sOmEdAy.Im.gAy.: ure idiot
(21:56 / All) sOmEdAy.Im.gAy.: ye u idiot
(21:59 / All) Iaddersuperstar: Does it rustle your jimmies to lose to me?
(22:07 / All) sOmEdAy.Im.gAy.: ure idiot
(22:43 / All) HeroWithNOEqual: he has no tp lol
(23:20 / All) sOmEdAy.Im.gAy.: U make it so boring
(24:07 / All) HeroWithNOEqual: lol
(24:21 / Allies) dogfood: give 10 gold pinkl
(24:28 / Allies) dogfood: we canwin
(24:54 / All) Iaddersuperstar: easy
(25:20 / All) sOmEdAy.Im.gAy.: ure a clown not a star
(25:28 / All) HeroWithNOEqual: am I star?
(25:29 / All) Iaddersuperstar: Did someone hurt your feelings?
(25:48 / All) sOmEdAy.Im.gAy.: clowns like u did it
(25:59 / All) sOmEdAy.Im.gAy.: ure only disturber for a real players
(26:43 / All) HeroWithNOEqual: leave lagger orange
(26:53 / All) HeroWithNOEqual: for as long as ornage stays I won't let my team win
(27:23 / All) HeroWithNOEqual: leave orange or we won't win
(27:45 / All) dogfood: fuck u green
(28:00 / All) Dethar: trust me, all 7 of us hate this guy ;p
(28:11 / All) dogfood: yeaaha green
(28:12 / All) dogfood: dumb fuck
(28:55 / All) Dethar: you do realize it doesnt stop my hero from rezzing?
(29:04 / All) Iaddersuperstar: Come kill it bro, free dhawk
(29:23 / All) sOmEdAy.Im.gAy.: i fuck u
(29:36 / All) HeroWithNOEqual: you got fucked, rather
(29:40 / All) HeroWithNOEqual: brutally
(29:58 / All) dogfood: pink help
(30:00 / All) dogfood: fas
(30:04 / All) Iaddersuperstar: soak up that moonjuice
(30:31 / All) dogfood: this fucking pink motherfucker
(30:59 / All) Pepas: GREEN IS MOTHERFUCKER
(31:04 / All) Iaddersuperstar: standoff?
(32:32 / All) HeroWithNOEqual: Gold? Lumber?
(32:33 / All) dogfood: guys pink is building new base
(32:41 / All) Dethar: where?
(32:42 / All) HeroWithNOEqual: Where?
(32:45 / All) Dethar: aha
(32:46 / All) dogfood: straight in front of you green
(32:54 / All) Pepas: I go watch porn, fucking noobs play so slow
(33:06 / All) Dethar: with your lag I believe you're watching it already
(33:19 / All) Pepas: my net is off
(33:21 / All) HeroWithNOEqual: Very nice place you're building here pink
(33:26 / All) Iaddersuperstar: Thanks!
(33:30 / All) HeroWithNOEqual: very classy
(33:33 / All) dogfood: he s going to you green
(33:39 / All) Iaddersuperstar: Just passing through
(33:52 / All) HeroWithNOEqual: pleasant evening
(34:03 / All) dogfood: green kil hiss base
(34:14 / All) HeroWithNOEqual: What has he ever done to me?
(34:19 / All) Iaddersuperstar: Live and let live, man
(34:20 / All) dogfood: he s making towers
(34:25 / All) HeroWithNOEqual: Oh dear1
(34:29 / All) HeroWithNOEqual: What kind of towers?|
(34:38 / All) dogfood: i dont know
(34:39 / All) dogfood: whait
(34:48 / All) dogfood: gueard towers
(34:54 / All) dogfood: already 5....
(34:56 / All) dogfood: so be fast
(35:00 / All) HeroWithNOEqual: Well if they're cannon towers then that isn't good at all
(35:04 / All) HeroWithNOEqual: they're much too gaudy
(35:09 / All) HeroWithNOEqual: but if they're guard towers then I have no qualms about it
(35:16 / All) HeroWithNOEqual: I think guard towers really compliment human bases
(35:21 / All) dogfood: yes but now there are 12
(35:41 / All) HeroWithNOEqual: He should add about 20 more guard towers, with some pretty arcane ones scattered here and there
(36:03 / All) dogfood: i go fuck my girlfriend
(36:08 / All) Iaddersuperstar: lol
(36:14 / All) HeroWithNOEqual: What are her measurements?
(36:18 / All) dogfood: C
(36:24 / All) HeroWithNOEqual: How much does she weigh
(36:25 / All) Iaddersuperstar: How much does she weigh?
(36:26 / All) dogfood: pretty nice ass also
(36:32 / All) dogfood: 60 kilo
(36:37 / All) Iaddersuperstar: Height?
(36:38 / All) HeroWithNOEqual: In pounds?
(36:42 / All) dogfood: no kilo
(36:44 / All) HeroWithNOEqual: American, here
(36:50 / All) HeroWithNOEqual: Yeah convert it for me buddy
(36:52 / All) Iaddersuperstar: It's about 130
(36:55 / All) HeroWithNOEqual: So is that pretty fat I take it?
(37:16 / All) dogfood: noo she has good fat to touch
(37:18 / All) dogfood: you know
(37:21 / All) dogfood: good tits
(37:23 / All) HeroWithNOEqual: How much does she cost
(37:25 / All) dogfood: tight pussy
(37:33 / All) dogfood: for me nothing :d
(37:47 / All) dogfood: i think i wanna try anal
(37:47 / All) HeroWithNOEqual: You would sell her services to me?
(38:02 / All) HeroWithNOEqual: I'll give you 10 American dollars to spend on hour with your woman
(38:14 / All) dogfood: hahahha american dollars are shit
(38:17 / All) dogfood: euros :D
(38:20 / All) dogfood: i want
(38:24 / All) Iaddersuperstar: Kronor are better
(38:30 / All) HeroWithNOEqual: Alright, 20 American dollars but not a penny more
(38:38 / All) dogfood: noh man sorry
(38:47 / All) dogfood: she s far to nice for 20 dollars
(38:48 / All) HeroWithNOEqual: 22 American dollars, my final offer
(38:54 / All) dogfood: brother
(38:57 / All) Iaddersuperstar: I'll pay 2500 SEK
(38:58 / All) dogfood: she s latin
(39:01 / All) HeroWithNOEqual: 50 AMERICAN DOLLARS!
(39:03 / All) Iaddersuperstar: or 30 pounds
(39:03 / All) dogfood: from cuba
(39:05 / All) HeroWithNOEqual: My final offer, this time I mean it!
(39:16 / All) Iaddersuperstar: She isn't Latin. Is she from the Senatus PopulusQue Romanus?
(39:19 / All) dogfood: you know what cuban ass s?
(39:38 / All) Iaddersuperstar: I doubt she has an ounce of Romanus blood in her. She is not even the daughter of a Gallic pagi.
(39:58 / All) dogfood: pink really fucking nerd haha
(40:12 / All) Iaddersuperstar: The most successful people in the world are nerds
(40:13 / All) dogfood: i think you never touched a girl in your life
(40:15 / All) Iaddersuperstar: Nerd implies smart
(40:23 / All) dogfood: yes that's true
(40:27 / All) HeroWithNOEqual: Bill Gates is a nerd
(40:30 / All) dogfood: but you are a dumb nerd
(40:31 / All) Iaddersuperstar: So therefore you are not a nerd and you are a fuckwit instead
(40:38 / All) dogfood: ugly and nerdish
(40:42 / All) dogfood: no money
(40:42 / All) Iaddersuperstar: No such thing as a dumb nerd if it implies smart
(40:47 / All) Iaddersuperstar: Do you know what "imply" means?
(40:55 / All) Iaddersuperstar: What's your native tongue, barbarian?
(40:55 / All) dogfood: yes i know
(41:09 / All) Iaddersuperstar: Tell us, stranger, from where do you hail?
(41:09 / All) dogfood: i study at the university in amsterdam
(41:13 / All) Iaddersuperstar: You're Dutch?
(41:17 / All) dogfood: so dont woory about my inteligence
(41:20 / All) dogfood: yes
(41:38 / All) Iaddersuperstar: What subject are you taking?
(41:44 / All) dogfood: my native country is russia
(41:48 / All) dogfood: but i live in holland
(42:01 / All) dogfood: dutch tax system
(42:08 / All) Iaddersuperstar: Did you support the USSR in the 70s and 80s?
(42:22 / All) dogfood: hahah no
(42:28 / All) dogfood: i supported mao zeddong
(42:35 / All) Iaddersuperstar: Mao Zedong was a clown.
(42:39 / All) dogfood: and ho chi min
(42:39 / All) Iaddersuperstar: 90 million Chinese starved to death
(42:50 / All) Iaddersuperstar: He couldn't even win the Second Sino-Japanese war alone
(43:09 / All) Iaddersuperstar: The Japanese fucked the Chinese up with yersinia pestis, the Black Death. They were only fit for live vivisection in Unit 731.
(43:17 / All) dogfood: japan was a strong country with dedicated soldiers
(43:26 / All) Iaddersuperstar: It wasn't a country. It was an Empire.
(43:36 / All) Iaddersuperstar: The largest oceanic empire to ever grace the world.
(43:36 / All) dogfood: oke empire...
(43:50 / All) dogfood: but believe me
(43:51 / All) HeroWithNOEqual: UK son
(43:53 / All) Iaddersuperstar: The envy of men far and wide. The ally of the Third Reich. The inevitable enemy of the foolish Allies.
(44:04 / All) dogfood: the sovjet union was the most powerfull empire ever
(44:13 / All) HeroWithNOEqual: You wish bro
(44:16 / All) HeroWithNOEqual: USA #1
(44:23 / All) dogfood: USA s nothing
(44:29 / All) dogfood: just some smart motherfuckers
(44:41 / All) dogfood: they interfered serieus with ww2
(44:43 / All) Iaddersuperstar: The USSR was great, and when Stalin died it was great for its people, too. It was not, however, the strongest place to ever liv
(44:47 / All) Iaddersuperstar: Do not listen to the propaganda.
(45:02 / All) dogfood: i don't
(45:03 / All) Iaddersuperstar: When they sing in White Army, Black Baron, that from the taiga to the British sea
(45:08 / All) Iaddersuperstar: the Red Army is the strongest
(45:12 / All) Iaddersuperstar: It's just a wartime song
(45:14 / All) Iaddersuperstar: It isn't literal
(45:26 / All) Iaddersuperstar: Do not let Ivan Baranov's voice fool you.
(45:35 / All) dogfood: hahaha
(45:41 / All) Iaddersuperstar: A few years, and the USSR's 100 year anniversary will be coming around.
(45:57 / All) Iaddersuperstar: You should act as your forefathers did, follow the great path of Lenin and Stalin, and overthrow the government to implement a
(46:00 / All) Iaddersuperstar: communist state.
(46:05 / All) Iaddersuperstar: Maybe then you can have your empire back.
(46:19 / All) Iaddersuperstar: Until then, you're a remnant from another era, your only accomplishment being the last white country on earth.
(46:20 / All) dogfood: im not a real supporter of communism
(46:25 / All) dogfood: i liked trotsky
(46:29 / All) Iaddersuperstar: Trotsky was the best
(46:35 / All) Iaddersuperstar: It's too bad Lenin was poisoned by Stalin
(46:38 / All) Iaddersuperstar: so he didn't get into office
(46:51 / All) HeroWithNOEqual: Too bad he wasn't poisoned sooner
(46:56 / All) Iaddersuperstar: Two strokes from stress, a third to flop and die from poison. Stalin's favourite assassination method.
(47:02 / All) dogfood: yes
(47:07 / All) dogfood: stalin was a real idiot
(47:22 / All) dogfood: singing the molotov ribben troppact with germany
(47:31 / All) dogfood: signing
(47:32 / All) HeroWithNOEqual: LA LA LA
(47:51 / All) Iaddersuperstar: That was actually pretty smart. he was an overall bad leader, but that was one of his good decisions
(47:55 / All) HeroWithNOEqual: have at thee!
(47:55 / All) Iaddersuperstar: From the allied Jew perspective anyway
(48:01 / All) Iaddersuperstar: The USSR needed time to recover
(48:03 / All) dogfood: yes
(48:04 / All) Iaddersuperstar: from the countless civil wars
(48:10 / All) Iaddersuperstar: so he signed a pact to rebuild
(48:15 / All) dogfood: yes
(48:32 / All) dogfood: yes but it was clear that hitler was not loyal tho the pact
(48:41 / All) dogfood: spions of the ussr
(48:42 / All) dogfood: also
(48:46 / All) dogfood: warned stalin
(48:53 / All) dogfood: but that dog didnt listen
(49:13 / All) Iaddersuperstar: Should have gone from Lenin -> Trotsky -> to the period of openness of the 70s and 80s
(49:20 / All) Iaddersuperstar: no de-stalinisation would have been necessary
(49:38 / All) Iaddersuperstar: killing my army then my side of the standoff is complete
(49:43 / All) Iaddersuperstar: We should explain it all now
(49:47 / All) Iaddersuperstar: ALRIGHT EVERYONE, LISTEN UP
(49:54 / All) Iaddersuperstar: GREEN AND I WERE COMRADES WORKING TOGETHER
(50:01 / All) Iaddersuperstar: WE HAVE KILLED EVERYTHING, INCLUDING OUR OWN STUFF
(50:06 / All) Iaddersuperstar: WE WILL MAKE SURE THERE IS NO WAY TO MAKE ANY UNITS
(50:09 / All) Iaddersuperstar: AND THEN LEAVE THE GAME
(50:15 / All) Iaddersuperstar: THE LAST ONE TO LEAVE WINS
(50:17 / All) Iaddersuperstar: BEST INTERNET WINS
(50:20 / All) Iaddersuperstar: SOUND FAIR?
(50:42 / All) dogfood: hhahahahahaaha
(50:49 / All) dogfood: i leave
(50:52 / All) Iaddersuperstar: You have an equal chance of winning now
(51:43 / All) Iaddersuperstar: Your side gets the loss
(53:08 / All) HeroWithNOEqual: good thing I have most of my army
(53:16 / All) Iaddersuperstar: yeah or else it would take forever
(53:22 / All) HeroWithNOEqual: well half of it at least
(56:17 / All) HeroWithNOEqual: wonder if orange and teal really are afk
(56:25 / All) HeroWithNOEqual: teal is 12-2
(56:51 / All) Iaddersuperstar: yellow is 200-203
(56:56 / All) Iaddersuperstar: blue 153-172
(57:02 / All) Iaddersuperstar: purple 464-467
(57:20 / All) HeroWithNOEqual: see if they talk
(57:27 / All) HeroWithNOEqual: You guys there?
(57:28 / All) Iaddersuperstar: Any last words?
(57:30 / All) HeroWithNOEqual: You're about to lose
(57:39 / All) HeroWithNOEqual: Go ahead and kill it
(57:42 / All) HeroWithNOEqual: end their suffering
(57:56 / All) HeroWithNOEqual: Was great gaming with you gentlemen
(58:01 / All) HeroWithNOEqual: Hope to see you around
(58:06 / All) Iaddersuperstar: http://highper.ch